[Event "ICC tourney 1941 (7 2)"]
[Site "Internet Chess Club"]
[Date "2020.07.31"]
[Round "4"]
[White "dabbindino"]
[Black "Goran21"]
[Result "1-0"]
[ICCResult "Black resigns"]
[WhiteElo "1721"]
[BlackElo "1790"]
[Opening "Sicilian"]
[ECO "B54"]
[NIC "SI.01"]
[Time "20:38:50"]
[TimeControl "420+2"]

1. e4 c5 2. Nf3 d6 3. d4 cxd4 4. Nxd4 e5 5. Nb3 Nf6 6. Nc3 a6 7. a4 Be6 8.
Be3 Be7 9. Be2 O-O 10. O-O Qc7 11. Kh1 Nbd7 12. f4 exf4 13. Bxf4 Ne5 14. Nd4
Bd7 15. a5 Rfe8 16. Bg5 Be6 17. Nf5 Bxf5 18. Rxf5 Ned7 19. Bd3 h6 20. Be3
Ne5 21. Bd4 Bf8 22. Qf1 Nfg4 23. h3 Nxd3 24. cxd3 Ne5 25. Nd5 Qc2 26. Bxe5
Rxe5 27. Rxf7 Qxb2 28. Rb1 Qa3 29. Rfxb7 Kh8 30. Qf7 Qa2 31. Rf1 Rg5 32. Nf4
Qd2 33. Rg1 Kh7 34. Ne6 Rg3 35. Nxf8+ Rxf8 36. Qxf8 Qxd3 37. Qf5+ Rg6 38.
Re7 d5 39. Re6 Qg3 40. Rxg6 Qxg6 41. Qxg6+ Kxg6 42. exd5 Kf6 43. Rd1 Ke7 44.
d6+ Kd7 45. Kg1 Kd8 46. Kf2 Kd7 47. Ke3 {Black resigns} 1-0

[Event "ICC tourney 1941 (7 2)"]
[Site "Internet Chess Club"]
[Date "2020.07.31"]
[Round "4"]
[White "josechess99"]
[Black "JosephLevine"]
[Result "1-0"]
[ICCResult "Black checkmated"]
[WhiteElo "2455"]
[BlackElo "1686"]
[Opening "French: Steinitz, Boleslavsky variation"]
[ECO "C11"]
[NIC "FR.04"]
[Time "20:38:56"]
[TimeControl "420+2"]

1. e4 e6 2. d4 d5 3. Nc3 Nf6 4. e5 Nfd7 5. f4 c5 6. Nf3 Nc6 7. Be3 a6 8. Qd2
b5 9. Bd3 Qb6 10. Qf2 cxd4 11. Nxd4 Bc5 12. Nce2 f6 13. O-O-O fxe5 14. fxe5
Ndxe5 15. Qh4 Nxd3+ 16. Rxd3 O-O 17. Qg3 Nxd4 18. Bxd4 Bxd4 19. Nxd4 Bd7 20.
h4 Qb8 21. Qxb8 Raxb8 22. Re1 Rbe8 23. Nf3 Rf4 24. Ne5 Bc8 25. g3 Rf2 26.
Rc3 Bb7 27. Nd3 Rg2 28. Rc7 Ba8 29. Nc5 Rxg3 30. Rxe6 Rxe6 31. Nxe6 Rg6 32.
Rc8+ Kf7 33. Ng5+ Ke7 34. Rxa8 h6 35. Ra7+ Kf8 36. Nf3 Rf6 37. Nd4 g5 38.
hxg5 hxg5 39. Rd7 g4 40. Rxd5 Rg6 41. Rf5+ Ke7 42. Rf2 Kd6 43. c3 Kd5 44.
Kd2 Ke4 45. Ne2 Rg8 46. Ng3+ Ke5 47. Ke3 Kd5 48. Rf5+ Kc4 49. Rf4+ Kc5 50.
b4+ Kb6 51. Rf6+ Kb7 52. Kf4 Rc8 53. Ne4 Rc4 54. Rg6 a5 55. bxa5 g3 56. Rxg3
Ka6 57. Rg8 Kxa5 58. Ra8+ Kb6 59. Ke3 Rc7 60. Rb8+ Ka5 61. Kd3 Rd7+ 62. Kc2
Rc7 63. Nd6 Rh7 64. Rxb5+ Ka4 65. Rb4+ Ka5 66. Nc4+ Ka6 67. Kb3 Rh2 68. Rb6+
Ka7 69. Rf6 Rh1 70. a4 Rb1+ 71. Ka3 Ra1+ 72. Kb4 Rb1+ 73. Kc5 Ra1 74. a5 Rh1
75. Rf5 Rh3 76. Kb5 Rxc3 77. Rf7+ Kb8 78. a6 Rb3+ 79. Kc6 Rc3 80. Kb5 Rb3+
81. Ka5 Rc3 82. a7+ Ka8 83. Nb6# {Black checkmated} 1-0

[Event "ICC tourney 1941 (7 2)"]
[Site "Internet Chess Club"]
[Date "2020.07.31"]
[Round "4"]
[White "atippa"]
[Black "AccuratePotato"]
[Result "0-1"]
[ICCResult "White forfeits on time"]
[WhiteElo "1355"]
[BlackElo "1370"]
[Opening "Grünfeld: 5.e3"]
[ECO "D94"]
[NIC "GI.09"]
[Time "20:38:58"]
[TimeControl "420+2"]

1. Nf3 Nf6 2. c4 g6 3. Nc3 d5 4. e3 Bg7 5. d4 O-O 6. Be2 c5 7. cxd5 Nxd5 8.
O-O Nc6 9. Nxd5 Qxd5 10. dxc5 Qxc5 11. Qb3 b6 12. Bd2 Bb7 13. Rac1 Qd6 14.
Bc3 Bxc3 15. Qxc3 Rac8 16. Rfd1 Qe6 17. Bc4 Qf5 18. Bd3 Qg4 19. h3 Qe6 20.
Bc4 Qf5 21. Qa3 Ne5 22. Nxe5 Qxe5 23. Ba6 Bxa6 24. Qxa6 Rxc1 25. Rxc1 Qxb2
26. Rc7 Qa1+ 27. Qf1 Qxa2 28. Rxe7 Qa3 29. Rd7 Rc8 30. Rd1 a5 31. Ra1 Qb4
{White forfeits on time}
0-1

[Event "ICC tourney 1941 (7 2)"]
[Site "Internet Chess Club"]
[Date "2020.07.31"]
[Round "4"]
[White "Viking21"]
[Black "maddieweber789"]
[Result "0-1"]
[ICCResult "White resigns"]
[WhiteElo "1496"]
[BlackElo "1518"]
[Opening "French: Winawer (Nimzovich) variation"]
[ECO "C15"]
[NIC "FR.08"]
[Time "20:38:53"]
[TimeControl "420+2"]

1. e4 e6 2. d4 d5 3. Nc3 Bb4 4. exd5 Qxd5 5. Nf3 Nc6 6. Be2 Nge7 7. O-O Qd8
8. Ne4 Nf5 9. c3 Ba5 10. a4 a6 11. Bg5 f6 12. Bf4 O-O 13. b4 Bb6 14. a5 Ba7
15. Qb3 Kh8 16. Rfd1 Nce7 17. Nc5 Nd5 18. Bg3 Nxg3 19. hxg3 c6 20. c4 Nc7
21. Ne4 Bd7 22. Nd6 Rb8 23. Nh2 Be8 24. c5 Nd5 25. Rab1 Bg6 26. Rb2 Qd7 27.
Re1 Rbd8 28. Bg4 f5 29. Bd1 Bb8 30. Nc4 Nf6 31. Nf3 Ne4 32. Bc2 Qd5 33. Nce5
Bxe5 34. dxe5 Qxb3 35. Bxb3 Rfe8 36. Rd1 Rxd1+ 37. Bxd1 h6 38. Bb3 Bf7 39.
Nd2 Rd8 40. Nxe4 fxe4 41. Kf1 Kh7 42. Ke2 Kg6 43. f4 Kf5 44. Bc2 Rd4 45. Ke3
Rc4 46. Bb1 Rc3+ 47. Kf2 g5 48. Re2 gxf4 49. gxf4 Kxf4 50. Rxe4+ Kg5 51. Rd4
Rb3 52. Bd3 Bh5 53. Ke3 Bg6 54. Kd2 Bxd3 55. Rxd3 Rxd3+ 56. Kxd3 Kf5 57. Kd4
Kf4 58. g3+ Kf5 59. Ke3 Kxe5 60. g4 Kd5 61. Kd3 e5 62. Kc3 e4 63. Kd2 Ke5
64. Ke3 Kd5 65. Kf4 Kd4 66. g5 hxg5+ 67. Kxg5 e3 {White resigns} 0-1

[Event "ICC tourney 1941 (7 2)"]
[Site "Internet Chess Club"]
[Date "2020.07.31"]
[Round "4"]
[White "NonnaThat"]
[Black "ganzy"]
[Result "0-1"]
[ICCResult "White checkmated"]
[WhiteElo "1729"]
[BlackElo "1482"]
[Opening "Sicilian: Pelikan, Chelyabinsk variation"]
[ECO "B33"]
[NIC "SI.37"]
[Time "20:38:53"]
[TimeControl "420+2"]

1. e4 c5 2. Nf3 Nc6 3. d4 cxd4 4. Nxd4 Nf6 5. Nc3 e5 6. Ndb5 d6 7. Bg5 a6 8.
Na3 b5 9. Nd5 Be7 10. Bxf6 Bxf6 11. c4 b4 12. Nc2 a5 13. Be2 O-O 14. O-O Bg5
15. b3 Be6 16. a3 bxa3 17. Rxa3 Rb8 18. Qd3 f5 19. Bf3 Kh8 20. Rd1 Qd7 21.
Qc3 Qa7 22. b4 fxe4 23. b5 exf3 24. bxc6 fxg2 25. Nce3 Rf3 26. Rxa5 Qf7 27.
Ra2 Bh4 28. Qc2 Rf8 29. Rd2 Qh5 30. Qe4 Bg5 31. Re2 Rh3 32. Qxg2 Bf4 33.
Nxf4 exf4 34. Ra7 g6 35. Qe4 fxe3 36. Qxe6 Qxe2 37. Rg7 Qxf2+ 38. Kh1 Qf1#
{White checkmated}
0-1

[Event "ICC tourney 1941 (7 2)"]
[Site "Internet Chess Club"]
[Date "2020.07.31"]
[Round "4"]
[White "Bo002"]
[Black "rjc64uk"]
[Result "1-0"]
[ICCResult "Black resigns"]
[WhiteElo "1794"]
[BlackElo "1783"]
[Opening "Old Indian defense"]
[ECO "A53"]
[NIC "OI.04"]
[Time "20:38:56"]
[TimeControl "420+2"]

1. d4 Nf6 2. c4 d6 3. Nc3 Nbd7 4. e4 e5 5. d5 Nc5 6. Qc2 a5 7. Nge2 Be7 8.
Ng3 O-O 9. Be2 Ne8 10. O-O Bg5 11. b3 Bxc1 12. Raxc1 g6 13. a3 Ng7 14. b4
axb4 15. axb4 Nd7 16. Nb5 Nf6 17. c5 Nfe8 18. Ra1 Rxa1 19. Rxa1 Bd7 20. Ra7
dxc5 21. bxc5 c6 22. Nc3 Qb8 23. Qa2 cxd5 24. exd5 Nc7 25. Nge4 f5 26. Nd6
Bc8 27. Bc4 Kh8 28. Ra3 b6 29. Rb3 b5 30. Ncxb5 Nxb5 31. Rxb5 Qc7 32. Qa5
Qe7 33. Nxc8 Rxc8 34. d6 Qg5 35. Qc3 Qf6 36. d7 Rd8 37. Rb6 Qe7 38. c6 Ra8
39. c7 Qxd7 40. Rb8+ Qc8 41. Rxc8+ Rxc8 42. Ba6 Rg8 43. Qxe5 h5 44. c8=Q
Rxc8 45. Bxc8 Kh7 46. Qf6 Kh6 47. h4 Kh7 48. Be6 Nxe6 49. Qxe6 Kh6 50. Qe7
g5 51. hxg5+ Kg6 52. Qf6+ Kh7 53. g6+ Kh6 54. g7+ Kh7 55. Qf8 {Black
resigns} 1-0

[Event "ICC tourney 1941 (7 2)"]
[Site "Internet Chess Club"]
[Date "2020.07.31"]
[Round "4"]
[White "saiabhi29"]
[Black "AmyMGL"]
[Result "1-0"]
[ICCResult "Black forfeits on time"]
[WhiteElo "1356"]
[BlackElo "1519"]
[Opening "Queen's pawn: London system"]
[ECO "A45"]
[NIC "QP.07"]
[Time "20:40:21"]
[TimeControl "420+2"]

1. d4 Nf6 2. Bf4 g6 3. Nc3 Bg7 4. e4 d6 5. Qd2 O-O 6. O-O-O Nbd7 7. e5 Nh5
8. Bh6 c6 9. Be2 Bxh6 10. Qxh6 Ng7 11. h4 Nf5 12. Qd2 b5 13. g4 Ng7 14. h5
dxe5 15. dxe5 Qc7 16. hxg6 fxg6 17. Qh6 Qxe5 18. Qxh7+ Kf7 19. Nf3 Qf4+ 20.
Kb1 Nf6 21. Qh3 Bxg4 22. Qg2 Rh8 23. Rhg1 b4 24. Rd4 Qf5 25. Ne4 Nxe4 26.
Rxe4 Bh3 27. Ng5+ Ke8 28. Nxh3 Rxh3 29. Bg4 {Black forfeits on time} 1-0

[Event "ICC tourney 1941 (7 2)"]
[Site "Internet Chess Club"]
[Date "2020.07.31"]
[Round "4"]
[White "Redbaron"]
[Black "steinutz"]
[Result "1/2-1/2"]
[ICCResult "Game drawn because neither player has mating material"]
[WhiteElo "2349"]
[BlackElo "1549"]
[Opening "Scotch: Potter variation"]
[ECO "C45"]
[NIC "SO.05"]
[Time "20:39:04"]
[TimeControl "420+2"]

1. e4 e5 2. Nf3 Nc6 3. d4 exd4 4. Nxd4 Bc5 5. Nb3 Bb6 6. Nc3 Qf6 7. Qe2 d6
8. Be3 Nh6 9. f3 Bxe3 10. Qxe3 O-O 11. O-O-O a5 12. Nd5 Qd8 13. a3 a4 14.
Nd4 Kh8 15. g4 Be6 16. g5 Ng8 17. h4 Bxd5 18. exd5 Re8 19. Qf2 Ne5 20. Bh3
c5 21. dxc6 bxc6 22. Rhe1 c5 23. Nf5 Nc4 24. Rxe8 Qxe8 25. Nxd6 Nxd6 26.
Rxd6 c4 27. c3 Qe5 28. Rd4 Qb5 29. Bf1 Rc8 30. Qe2 Re8 31. Re4 Rb8 32. Rxc4
Qf5 33. Rxa4 f6 34. Qe4 Qc5 35. Rd4 fxg5 36. hxg5 Qxg5+ 37. Kc2 Qg1 38. Bd3
Nf6 39. Qe2 Rc8 40. Rc4 Re8 41. Qf1 Qh2+ 42. Kb3 h6 43. a4 Nd5 44. Re4 Rb8+
45. Bb5 Nf6 46. Rb4 Rd8 47. Qe2 Qh1 48. a5 Qc1 49. Bd3 Nd5 50. Rd4 Rb8+ 51.
Bb5 Nc7 52. Rb4 Nd5 53. Qe5 Qd1+ 54. Ka3 Qa1+ 55. Kb3 Qd1+ 56. Ka2 Nxb4+ 57.
cxb4 Rd8 58. a6 Qxf3 59. Bc4 Qa8 60. b5 Re8 61. Qd5 Qa7 62. Qc6 Rb8 63. Bd3
Qf7+ 64. b3 Qf2+ 65. Ka3 Qd2 66. Qg6 Qa5+ 67. Kb2 Qd2+ 68. Bc2 Qd4+ 69. Ka2
Kg8 70. Qe6+ Kf8 71. Qf5+ Ke7 72. Qe4+ Qxe4 73. Bxe4 Rxb5 74. Kb2 Ra5 75.
Bb7 Kd6 76. b4 Rxa6 77. Bxa6 Kc6 78. Kc3 Kb6 79. Bc8 g5 80. Bd7 h5 81. Kd4
g4 82. Ke3 g3 83. Kf3 h4 84. Kg2 Kc7 85. Ba4 Kb6 86. Kh3 Kc7 87. Bd1 Kb6 88.
Be2 Kc6 89. Bf1 Kb6 90. Kg2 Kc6 91. Kf3 Kb6 92. b5 Kc5 93. Kg2 Kb6 94. Kh3
Kc5 95. Kxh4 g2 96. Bxg2 Kxb5
{Game drawn because neither player has mating material}
1/2-1/2

[Event "ICC tourney 1941 (7 2)"]
[Site "Internet Chess Club"]
[Date "2020.07.31"]
[Round "4"]
[White "pyaru536"]
[Black "vyomvidy"]
[Result "1/2-1/2"]
[ICCResult "White stalemated"]
[WhiteElo "1382"]
[BlackElo "1772"]
[Opening "QGA: 3.e4"]
[ECO "D20"]
[NIC "QG.04"]
[Time "20:38:51"]
[TimeControl "420+2"]

1. d4 d5 2. c4 dxc4 3. e4 Nf6 4. Nc3 e5 5. Nf3 exd4 6. Nxd4 Bc5 7. Be3 Ng4
8. Bxc4 O-O 9. O-O Qh4 10. Nf3 Nxe3 11. Nxh4 Nxd1 12. Raxd1 c6 13. Nf3 Nd7
14. Rd2 Nb6 15. Bb3 a5 16. a4 Bg4 17. Ne5 Bh5 18. Nd7 Rad8 19. Nxc5 Rxd2 20.
Rb1 Rb8 21. f3 Nd7 22. Nxd7 Rxd7 23. Re1 Rd2 24. Re2 Rxe2 25. Nxe2 Rd8 26.
Nf4 Bg6 27. Bc4 b5 28. axb5 cxb5 29. Bd5 a4 30. Kf2 b4 31. Ke3 a3 32. bxa3
bxa3 33. Ba2 Rb8 34. Nd5 Rb2 35. Nc3 Rxg2 36. h4 Kf8 37. Bd5 f5 38. e5 Ke7
39. f4 Bf7 40. Bxg2 a2 41. Nxa2 Bxa2 42. Kd4 Ke6 43. Kc5 h6 44. Kd4 Bb3 45.
Bb7 Bc2 46. Bc8+ Ke7 47. Kc5 Bd3 48. Bb7 Ke6 49. Bd5+ Ke7 50. Kd4 Bc2 51.
Bc4 Be4 52. Kc5 Bg2 53. Kd4 Be4 54. Bd5 Bc2 55. Kc3 Bb1 56. Bc4 Be4 57. Bd3
Bxd3 58. Kxd3 Ke6 59. Kd4 g6 60. Kc5 g5 61. fxg5 hxg5 62. hxg5 Kxe5 63. g6
Kf6 64. Kd4 Kxg6 65. Ke3 Kh5 66. Kf4 Kg6 67. Kf3 Kf6 68. Kf4 Ke6 69. Kf3 Ke5
70. Ke3 f4+ 71. Kf3 Kf5 72. Kf2 Kg4 73. Kg2 f3+ 74. Kf2 Kf4 75. Kf1 Ke3 76.
Ke1 Ke4 77. Kf2 Kf4 78. Kf1 Kg4 79. Kf2 Kf4 80. Kf1 Kg3 81. Kg1 f2+ 82. Kf1
Kf3 {White stalemated} 1/2-1/2

[Event "ICC tourney 1941 (7 2)"]
[Site "Internet Chess Club"]
[Date "2020.07.31"]
[Round "4"]
[White "Sricharan07"]
[Black "craigsholl66"]
[Result "1-0"]
[ICCResult "Black forfeits on time"]
[WhiteElo "1571"]
[BlackElo "1444"]
[Opening "Sicilian: Alapin's variation (2.c3)"]
[ECO "B22"]
[NIC "SI.46"]
[Time "20:38:53"]
[TimeControl "420+2"]

1. e4 c5 2. c3 d6 3. d4 Qc7 4. Nf3 Bg4 5. Be2 Nf6 6. Nbd2 e6 7. O-O Be7 8.
h3 Bh5 9. Re1 O-O 10. b3 Nc6 11. Bb2 Bg6 12. Bf1 e5 13. d5 Nb8 14. c4 Nbd7
15. a3 Rfb8 16. b4 a6 17. Nb3 Nxe4 18. Bd3 Nef6 19. Bxg6 hxg6 20. Rc1 b6 21.
Qc2 Bf8 22. Qc3 Re8 23. Nfd2 Rac8 24. a4 Qb7 25. a5 b5 26. bxc5 Nxc5 27.
Nxc5 Rxc5 28. Qb3 Rb8 29. Qa2 Rbc8 30. Ba3 R5c7 31. Rb1 Qa7 32. cxb5 axb5
33. Rxb5 Rc2 34. Rb2 Rxb2 35. Bxb2 Rc2 36. Rd1 e4 37. Qb3 Rc5 38. Nc4 Rxd5
39. Rxd5 Nxd5 40. Nxd6 Bxd6 41. Qxd5 Bc7 42. Bd4 Qxa5 43. Qxa5 Bxa5 44. Kf1
f5 45. Ke2 Kf7 46. Ke3 Bd8 47. Kf4 Bf6 48. Bc5 Ke6 49. g3 g5+ 50. Ke3 Be5
51. Bf8 Kd5 52. Be7 f4+ 53. Ke2 f3+ 54. Kf1 Bf6 55. Bb4 g6 56. Bd2 Ke5 57.
Bc3+ Ke6 58. Bd2 Kf5 59. g4+ {Black forfeits on time} 1-0

[Event "ICC tourney 1941 (7 2)"]
[Site "Internet Chess Club"]
[Date "2020.07.31"]
[Round "4"]
[White "LChessMaster"]
[Black "MrNormalName"]
[Result "1-0"]
[ICCResult "Black resigns"]
[WhiteElo "1564"]
[BlackElo "1894"]
[Opening "QGD: 4.Nf3"]
[ECO "D37"]
[NIC "QI.01"]
[Time "20:39:32"]
[TimeControl "420+2"]

1. d4 Nf6 2. c4 e6 3. Nf3 d5 4. Nc3 Be7 5. e3 O-O 6. Bd2 c5 7. cxd5 exd5 8.
dxc5 Bxc5 9. Bd3 Nc6 10. O-O Bg4 11. Be2 a6 12. h3 Bh5 13. a3 Rc8 14. Rc1
Ba7 15. b4 Re8 16. Qb3 Bb8 17. Rfd1 Qd6 18. Be1 Bxf3 19. Bxf3 d4 20. Bxc6
Rxc6 21. g3 d3 22. Na2 Qd7 23. Rxc6 bxc6 24. Kg2 Rd8 25. Nc1 Qf5 26. Rxd3
Qe4+ 27. f3 Qe7 28. Rxd8+ Qxd8 29. Qd3 Qc8 30. Nb3 h5 31. Nc5 h4 32. Qxa6
Qc7 33. Qb7 Qe5 34. Nd3 Qd6 35. Nf4 hxg3 36. Bxg3 Qd2+ 37. Bf2 Bxf4 38. exf4
Qc2 39. Qa8+ Kh7 40. a4 Nd5 41. b5 Nxf4+ 42. Kg3 Nh5+ 43. Kg2 Qg6+ 44. Kf1
Qd3+ 45. Kg2 cxb5 46. Qe4+ Qxe4 47. fxe4 bxa4 48. Bc5 Nf4+ 49. Kf3 Nxh3 50.
Kg4 Nf2+ 51. Bxf2 a3 52. Bd4 g6 53. Kg5 Kg8 54. Kf6 Kf8 55. Bc5+ Ke8 56.
Bxa3 g5 57. Kxg5 Kd7 58. Kf6 Ke8 59. Bb4 Kd7 60. Kxf7 Kc6 61. e5 Kd5 62. e6
Kc4 63. e7 Kxb4 64. e8=Q {Black resigns} 1-0

[Event "ICC tourney 1941 (7 2)"]
[Site "Internet Chess Club"]
[Date "2020.07.31"]
[Round "4"]
[White "speedskater"]
[Black "babysnake"]
[Result "1/2-1/2"]
[ICCResult "Game drawn by mutual agreement"]
[WhiteElo "1858"]
[BlackElo "2345"]
[Opening "Queen's Indian: Nimzovich variation (exaggerated fianchetto)"]
[ECO "E15"]
[NIC "QI.05"]
[Time "20:38:51"]
[TimeControl "420+2"]

1. d4 Nf6 2. c4 e6 3. Nf3 b6 4. g3 Ba6 5. Nbd2 Bb4 6. Qa4 Bxd2+ 7. Bxd2 Bb7
8. Bg2 O-O 9. O-O Be4 10. Rfd1 d6 11. Rac1 Nbd7 12. Qa3 Qc8 13. Bf1 h6 14.
Ne1 a6 15. b4 b5 16. f3 Bb7 17. c5 dxc5 18. dxc5 Bc6 19. e4 Qb7 20. Qb2 Rfd8
21. Bc3 Ne8 22. Nd3 f5 23. Qb3 Nf8 24. Nf4 fxe4 25. Nxe6 Bd5 26. Nxd8 Rxd8
27. Rxd5 Qxd5 28. Qxd5+ Rxd5 29. fxe4 Rd8 30. Kf2 c6 31. Ke3 Nc7 32. Be5 Ne8
33. a4 Ng6 34. Bc3 Nc7 35. Ra1 Re8 36. Kf3 Rf8+ 37. Kg2 Re8 38. axb5 cxb5
39. Kf3 Nh8 40. Rd1 Nf7 41. h4 Rd8 42. Rxd8+ Nxd8 43. Bh3 Nce6 44. e5 Kf7
45. Ke4 Ke7 46. Bf1 Nc6 47. Kd5 Ncd8 48. c6 Nc7+ 49. Kc5 Nde6+ 50. Kb6 Nd5+
51. Kxa6 Nxc3 52. Kb7 Kd8 53. Bh3 Nc7 54. e6 N3d5 55. Bg2 Ne7 56. Bh3 g5 57.
hxg5 hxg5 58. Bg4 Nc8 59. Bh3 Nd5 60. Bg2 Nc7 61. Bh3 Ne7 62. Bg4 Ncd5 63.
Bf3 Nxb4 64. c7+ Ke8 65. Be2 Nbd5 66. Bxb5+ Kf8 67. Bc6 Nf6 68. Bf3 Ne8 69.
c8=Q Nxc8 70. Kxc8 Ke7 71. Kb7 Kd6 72. Kb6 Kxe6 73. Kc5 Ke5 74. Kc4 Nd6+ 75.
Kd3 Nf5 76. Bg4 Nxg3 77. Ke3 Ne4 78. Bc8 Nd6 79. Bd7 Nc4+ 80. Kf3 Kf6 81.
Kg3 Ne5 82. Bg4 Ng6 83. Bh5 Nf4 84. Bf3 Ke5 85. Kg4 Kf6 86. Kg3 Kf5 87. Bg4+
Kg6 88. Bf3 Ne6 89. Kg4 Kf6 90. Be4 Nf8 91. Kh5 Nd7 92. Kg4 Ne5+ 93. Kh5 Nf7
94. Kg4 Nh6+ 95. Kh5 Nf5 96. Kg4 Ne3+ 97. Kf3 Nc4 98. Kg4 Nd6 99. Bd3 Ne8
100. Kg3 Kg7 101. Kg4 Kh6 102. Kg3 Nf6 103. Kf3 Kh5 104. Kg3 Kh6 105. Kf3
Kg7 106. Kg3 Kf7 107. Kf3 Ke6 108. Kg3 Ke5 109. Bg6 Nd5 110. Kg4 Kf6 111.
Be4 Nf4 112. Kf3 Ne6 113. Kg4 Ng7 114. Bd3 {Game drawn by mutual agreement}
1/2-1/2

[Event "ICC tourney 1941 (7 2)"]
[Site "Internet Chess Club"]
[Date "2020.07.31"]
[Round "5"]
[White "DejaVu"]
[Black "Goran21"]
[Result "0-1"]
[ICCResult "White resigns"]
[WhiteElo "1339"]
[BlackElo "1792"]
[Opening "Ruy Lopez: Berlin defense, 4.O-O, d6"]
[ECO "C66"]
[NIC "RL.07"]
[Time "21:23:43"]
[TimeControl "420+2"]

1. e4 e5 2. Nf3 Nc6 3. Bb5 Nf6 4. O-O d6 5. d4 Bd7 6. Nc3 g6 7. d5 Ne7 8.
Bxd7+ Qxd7 9. Bg5 Bg7 10. Qd3 h6 11. Bd2 O-O 12. h3 Nh5 13. Ne2 f5 14. Nh4
f4 15. Nf3 g5 16. Kh2 Kh8 17. Rh1 Rg8 18. Neg1 g4 19. Nh4 g3+ 20. fxg3 fxg3+
21. Qxg3 Nxg3 {White resigns} 0-1

[Event "ICC tourney 1941 (7 2)"]
[Site "Internet Chess Club"]
[Date "2020.07.31"]
[Round "5"]
[White "justinchess"]
[Black "liguowh"]
[Result "1-0"]
[ICCResult "Black resigns"]
[WhiteElo "2137"]
[BlackElo "1495"]
[Opening "English: Neo-Catalan declined"]
[ECO "A14"]
[NIC "RE.09"]
[Time "21:23:54"]
[TimeControl "420+2"]

1. Nf3 d5 2. c4 e6 3. g3 Nf6 4. Bg2 Be7 5. O-O O-O 6. b3 c6 7. Bb2 Nbd7 8.
d4 b6 9. Nc3 Bb7 10. Rc1 dxc4 11. bxc4 c5 12. d5 exd5 13. cxd5 Bd6 14. Re1
Re8 15. e4 Ne5 16. Nb5 Bb8 17. Nxe5 Bxe5 18. Bxe5 Rxe5 19. f4 Re8 20. Nc3
Qd7 21. e5 Ng4 22. e6 fxe6 23. Qxg4 {Black resigns} 1-0

[Event "ICC tourney 1941 (7 2)"]
[Site "Internet Chess Club"]
[Date "2020.07.31"]
[Round "5"]
[White "londonkid"]
[Black "Joelpaulg"]
[Result "1-0"]
[ICCResult "Black resigns"]
[WhiteElo "1866"]
[BlackElo "1438"]
[Opening "King's Indian defense, 3.Nc3"]
[ECO "E61"]
[NIC "KI.80"]
[Time "21:23:41"]
[TimeControl "420+2"]

1. d4 Nf6 2. c4 g6 3. Nc3 Bg7 4. Nf3 O-O 5. Bg5 d6 6. e3 Nbd7 7. Be2 h6 8.
Bh4 Re8 9. Qc2 e5 10. O-O c6 11. Rfd1 Qc7 12. Rac1 Nf8 13. c5 dxc5 14. dxe5
Ng4 15. Ne4 Bf5 16. Bd3 Bxe4 17. Bxe4 Nxe5 18. Bg3 Nfd7 19. Nxe5 Bxe5 20. f4
Bd6 21. Bxg6 Rxe3 22. Bxf7+ Kxf7 23. Qh7+ Ke8 24. Qg6+ Kd8 25. Rxd6 Kc8 26.
Qg8+ Qd8 27. Qxd8+ Kxd8 28. Rcd1 Re7 29. Bh4 {Black resigns} 1-0

[Event "ICC tourney 1941 (7 2)"]
[Site "Internet Chess Club"]
[Date "2020.07.31"]
[Round "5"]
[White "Vish1080"]
[Black "MrNormalName"]
[Result "0-1"]
[ICCResult "White checkmated"]
[WhiteElo "1700"]
[BlackElo "1897"]
[Opening "English opening: Agincourt variation"]
[ECO "A13"]
[NIC "QP.09"]
[Time "21:24:33"]
[TimeControl "420+2"]

1. Nf3 d5 2. c4 e6 3. e3 Nf6 4. cxd5 exd5 5. d4 Bd6 6. Nc3 c6 7. Bd3 Bg4 8.
h3 Bh5 9. O-O O-O 10. Be2 Nbd7 11. b3 Re8 12. Bb2 Ne4 13. Nxe4 dxe4 14. Nd2
Bxe2 15. Qxe2 f5 16. Qh5 f4 17. Nc4 Nf6 18. Qa5 Bc7 19. Qc5 f3 20. g3 Qd7
21. Kh2 Nd5 22. Ne5 Bxe5 23. dxe5 Re6 24. Rad1 Rh6 25. h4 Rxh4+ 26. gxh4 Qg4
27. Rg1 Qxh4# {White checkmated} 0-1

[Event "ICC tourney 1941 (7 2)"]
[Site "Internet Chess Club"]
[Date "2020.07.31"]
[Round "5"]
[White "caracal"]
[Black "clair"]
[Result "1/2-1/2"]
[ICCResult "Game drawn by repetition"]
[WhiteElo "1325"]
[BlackElo "1265"]
[Opening "Modern defense"]
[ECO "A40"]
[NIC "QO.17"]
[Time "21:23:39"]
[TimeControl "420+2"]

1. d4 g6 2. c4 Bg7 3. Nc3 e6 4. e4 Ne7 5. Nf3 d5 6. e5 O-O 7. h4 h6 8. Bf4
c5 9. dxc5 Nbc6 10. cxd5 exd5 11. Ne2 Qa5+ 12. Qd2 Qxc5 13. Rc1 Qa5 14. Rc3
Qxa2 15. Bxh6 Nf5 16. Bxg7 Kxg7 17. h5 Rh8 18. Qg5 d4 19. Qf6+ Kg8 20. Rxc6
bxc6 21. Qd8+ Kg7 22. Qf6+ Kg8 23. Qd8+ Kg7 24. Qf6+ Kg8
{Game drawn by repetition}
1/2-1/2

[Event "ICC tourney 1941 (7 2)"]
[Site "Internet Chess Club"]
[Date "2020.07.31"]
[Round "5"]
[White "helavir"]
[Black "jsl1996"]
[Result "0-1"]
[ICCResult "White resigns"]
[WhiteElo "2208"]
[BlackElo "2107"]
[Opening "Ruy Lopez: Steinitz defense deferred (Russian defense)"]
[ECO "C79"]
[NIC "RL.12"]
[Time "21:23:51"]
[TimeControl "420+2"]

1. e4 e5 2. Nf3 Nc6 3. Bb5 a6 4. Ba4 Nf6 5. O-O d6 6. d3 b5 7. Bb3 Na5 8. h3
Be7 9. Nc3 O-O 10. Bd2 c6 11. Ne2 Nxb3 12. axb3 c5 13. b4 cxb4 14. Bxb4 Bb7
15. Qd2 Nd7 16. Nc3 f5 17. Nd5 Bxd5 18. exd5 Qe8 19. b3 Qh5 20. c4 g5 21.
Rfe1 g4 22. Nxe5 Nxe5 23. Rxe5 Bg5 24. Qe2 dxe5 25. Bxf8 Rxf8 26. Qxe5 gxh3
27. Rxa6 hxg2 28. Kxg2 Bf6 29. Qg3+ Kh8 30. Rb6 f4 31. Qh3 f3+ 32. Qxf3 Rg8+
33. Qg3 Rxg3+ 34. fxg3 Qe2+ 35. Kh3 Qf1+ 36. Kg4 h5+ 37. Kxh5 Qf5+
{White resigns}
0-1

[Event "ICC tourney 1941 (7 2)"]
[Site "Internet Chess Club"]
[Date "2020.07.31"]
[Round "5"]
[White "AVS"]
[Black "Redbaron"]
[Result "0-1"]
[ICCResult "White resigns"]
[WhiteElo "1291"]
[BlackElo "2349"]
[Opening "Sicilian: closed"]
[ECO "B23"]
[NIC "SI.44"]
[Time "21:23:49"]
[TimeControl "420+2"]

1. e4 c5 2. Nc3 d6 3. f4 g6 4. Nf3 Bg7 5. d3 Nc6 6. g3 Nf6 7. Bg2 O-O 8. O-O
Rb8 9. Nh4 Bg4 10. Bf3 Bxf3 11. Qxf3 Nd4 12. Qd1 b5 13. f5 b4 14. Ne2 Qb6
15. Nxd4 cxd4 16. g4 Rbc8 17. g5 Nd7 18. Qg4 Ne5 19. Qg2 Qc5 20. f6 exf6 21.
gxf6 Bh8 22. Bh6 Rfe8 23. Nf5 Bxf6 24. Bg5 Bxg5 25. Qxg5 Qxc2 26. Ne7+ Rxe7
27. Qxe7 Qxd3 28. Qxd6 Qe3+ 29. Kh1 Qxe4+ 30. Kg1 Nf3+ 31. Rxf3 Qxf3 32. Qd5
Qxd5 {White resigns} 0-1

[Event "ICC tourney 1941 (7 2)"]
[Site "Internet Chess Club"]
[Date "2020.07.31"]
[Round "5"]
[White "Samuel-Colt"]
[Black "playtowin2020"]
[Result "0-1"]
[ICCResult "White resigns"]
[WhiteElo "1512"]
[BlackElo "1583"]
[Opening "Queen's pawn game"]
[ECO "A46"]
[NIC "QP.06"]
[Time "21:23:51"]
[TimeControl "420+2"]

1. d4 Nf6 2. Nf3 e6 3. g3 c5 4. Bg2 Nc6 5. c4 cxd4 6. Nxd4 Be7 7. O-O O-O 8.
Nc3 Qb6 9. Nb3 a6 10. Be3 Qc7 11. Rc1 Qb8 12. c5 d6 13. Bf4 e5 14. Be3 Be6
15. cxd6 Bxd6 16. Nc5 Bxc5 17. Bxc5 Rd8 18. Qc2 Nd4 19. Qb1 Bc4 20. Rfe1 Rc8
21. Be7 Nd7 22. b3 Be6 23. Ne4 Bd5 24. Rxc8+ Qxc8 25. Nd6 Qc6 26. e4 Be6 27.
Kf1 Nb6 28. Rc1 Qd7 29. Nf5 Bxf5 30. Bc5 Qb5+ 31. Rc4 Nxc4 32. Bxd4
{White resigns}
0-1

[Event "ICC tourney 1941 (7 2)"]
[Site "Internet Chess Club"]
[Date "2020.07.31"]
[Round "5"]
[White "AccuratePotato"]
[Black "NonnaThat"]
[Result "0-1"]
[ICCResult "White forfeits on time"]
[WhiteElo "1364"]
[BlackElo "1730"]
[Opening "Queen's Indian: old main line, 7.Nc3"]
[ECO "E18"]
[NIC "QI.09"]
[Time "21:23:50"]
[TimeControl "420+2"]

1. d4 Nf6 2. Nf3 e6 3. c4 b6 4. g3 Bb7 5. Bg2 Be7 6. O-O O-O 7. Nc3 d6 8. d5
e5 9. e4 Nbd7 10. Re1 Nc5 11. Nh4 a5 12. Nf5 Re8 13. Bg5 h6 14. Be3 Bf8 15.
Qd2 Kh7 16. a3 Ng4 17. Rab1 Nxe3 18. Qxe3 g6 19. Nh4 a4 20. Rf1 Ba6 21. Nb5
Qd7 22. Qe2 c6 23. dxc6 Qxc6 24. Rbd1 Rec8 25. f4 Bxb5 26. cxb5 Qe8 27. fxe5
dxe5 28. Qf3 Ra7 29. Rf2 Ne6 30. Bh3 Bc5 31. Bxe6 Bxf2+ 32. Qxf2 Qxe6 33.
Rf1 Qb3 34. Qf6 Qe3+ {White forfeits on time} 0-1